 Dungeon Crawl Stone Soup version 0.16-a0-3843-ged98c6c (webtiles) character file.

423 kroki the Slasher (level 6, -9/42 HPs)
             Began as an Octopode Fighter on Jan 30, 2015.
             Splashed by a jelly's acid (11 damage)
             ... on level 5 of the Dungeon.
             The game lasted 00:07:28 (4963 turns).

kroki the Slasher (Octopode Fighter)                Turns: 4963, Time: 00:07:28

Health: -9/42      AC:  1    Str: 15    XL:     6   Next: 95%
Magic:  6/6        EV: 10    Int: 11    God:
Gold:   145        SH:  9    Dex: 13    Spells: 0 memorised, 5 levels left

rFire  . . .     SeeInvis .     a - +2 long sword
rCold  . . .     Clarity  .     c - +1 shield
rNeg   . . .     SustAb   .     (helmet restricted)
rPois  .         Gourm    .     (no amulet)
rElec  .         Spirit   .     (no ring)
rCorr  .         Warding  .     (no ring)
rMut   .         Stasis   .     (no ring)
MR     .....                    (no ring)
Stlth  ++........               (no ring)
                                (no ring)
                                (no ring)
                                (no ring)

@: not resistant to hostile enchantments, unstealthy
A: almost no armour, amphibious, 8 rings, constrict 8, camouflage 1, gelatinous
body 1
a: no special abilities


You were on level 5 of the Dungeon.
You were hungry.

You visited 1 branch of the dungeon, and saw 5 of its levels.

You collected 145 gold pieces.

Inventory:

Hand weapons
 a - a +2 long sword (weapon)
 k - a +0 hunting sling
   (You found it on level 2 of the Dungeon)
Missiles
 g - 89 stones (quivered)
 h - 2 throwing nets {!f}
 j - 18 sling bullets of flame
 p - 18 sling bullets
 q - 8 javelins
 v - 6 tomahawks
Armour
 c - a +1 shield (worn)
Jewellery
 l - an uncursed amulet of regeneration {unknown}
   (You found it on level 3 of the Dungeon)
Magical devices
 t - a wand of digging (15)
   (You found it on level 3 of the Dungeon)
Scrolls
 b - a scroll of blinking
 m - 2 scrolls of teleportation
Potions
 e - a potion of poison
 f - a potion of heal wounds
 i - a potion of ambrosia
 n - a potion of haste {unknown}
 o - a potion of cancellation {unknown}
 r - 2 potions of resistance {unknown}
 w - a potion of agility {unknown}
 x - a potion of restore abilities {unknown}
Comestibles
 d - 3 bread rations
 s - 2 beef jerkies
 u - a fruit


   Skills:
 - Level 3.0 Fighting
 + Level 7.2 Long Blades
 - Level 3.0 Dodging
 - Level 3.0 Shields


You had 5 spell levels left.
You didn't know any spells.


Innate Abilities, Weirdness & Mutations

You cannot wear most types of armour.
You are amphibious.
You can wear up to eight rings at the same time.
You can use your tentacles to constrict many enemies at once.
Your skin changes colour to match your surroundings (Stealth).
Your rubbery body absorbs attacks (AC +1).

Dungeon Overview and Level Annotations

Branches:
Dungeon (5/15)
 Temple: D:4-7

Altars:
Elyvilon
Gozag
Yredelemnul

Annotations:
D:3 exclusions: goblin and orc wizard

############
#<.........#
##########.#
#.# . #.#
... #.# ...(
#@# .....
#J###.......
#...((#
#######


You could see a jelly.


Message History

You hit the orc. You grab the orc.
The orc is moderately wounded.
You constrict the orc. You block the orc's attack.
You slash the orc!
You kill the orc!
You slash the jelly!
The jelly is heavily wounded.
You hear a slurping noise.
The jelly closely misses you.
You hit the jelly but do no damage.
The jelly is heavily wounded.
You hear a slurping noise.
You block the jelly's attack.
You hit the jelly.
The jelly is moderately wounded.
The jelly hits you.
You are splashed with acid!
The acid burns!
* * * LOW HITPOINT WARNING * * *
You take 15 damage.
You slash the jelly! You squeeze the jelly!
The jelly is almost dead.
The jelly hits you.
* * * LOW HITPOINT WARNING * * *
You are splashed with acid!
The acid burns!
* * * LOW HITPOINT WARNING * * *
You take 13 damage.
You hear a slurping noise.
The jelly hits you.
* * * LOW HITPOINT WARNING * * *
You are splashed with acid!
The acid burns!
You die...

Notes
Turn   | Place    | Note
--------------------------------------------------------------
     0 | D:1      | kroki, the Octopode Fighter, began the quest for the Orb.
     0 | D:1      | Reached XP level 1. HP: 16/16 MP: 1/1
   195 | D:1      | Reached XP level 2. HP: 13/21 MP: 2/2
   498 | D:1      | Reached skill level 3 in Long Blades
   755 | D:1      | You fall through a shaft!
   760 | D:2      | Reached XP level 3. HP: 19/26 MP: 3/3
  1233 | D:2      | Noticed Crazy Yiuf
  1238 | D:2      | Killed Crazy Yiuf
  1238 | D:2      | Reached skill level 4 in Long Blades
  1238 | D:2      | Reached XP level 4. HP: 21/31 MP: 4/4
  2089 | D:3      | Found a basalt altar of Yredelemnul.
  2162 | D:3      | Found an opulent altar of Gozag.
  2297 | D:3      | Reached skill level 5 in Long Blades
  2587 | D:3      | Reached XP level 5. HP: 36/36 MP: 5/5
  2812 | D:3      | Noticed a phantom
  3097 | D:3      | Killed a phantom
  3097 | D:3      | Reached skill level 6 in Long Blades
  3097 | D:3      | Reached XP level 6. HP: 22/42 MP: 6/6
  3250 | D:3      | Noticed timbw's ghost (weakling DsBe)
  3262 | D:3      | Killed timbw's ghost
  3773 | D:4      | Reached skill level 7 in Long Blades
  4371 | D:4      | Found a white marble altar of Elyvilon.
  4926 | D:5      | Entered Level 5 of the Dungeon
  4963 | D:5      | HP: 2/42 [jelly (2)]
  4963 | D:5      | Splashed by a jelly's acid

Vanquished Creatures
  A phantom (D:3)
  A hound (D:4)
  Crazy Yiuf (D:2)
  An orc priest (D:3)
  A worker ant (D:4)
  3 orc wizards
  3 adders (D:3)
  The ghost of timbw the Skirmisher, a weakling DsBe of Trog (D:3)
  2 giant geckos
  18 orcs
  6 bats
  3 giant cockroaches
  10 goblins
  9 hobgoblins
  5 jackals
  11 kobolds
  A ball python (D:2)
  A giant gecko skeleton (D:4)
  5 giant newts (D:1)
  3 quokkas
  8 rats
94 creatures vanquished.

Action                   |  1- 3 |  4- 6 || total
-------------------------+-------+-------++-------
Melee: Long sword        |    48 |   149 ||   197
Throw: Stone             |    40 |    72 ||   112
  Use: Potion            |     1 |     2 ||     3
       Scroll            |       |    11 ||    11
 Stab: Sleeping          |     1 |     2 ||     3
       Distracted        |       |     1 ||     1
  Eat: Chunk             |       |     6 ||     6
       Fruit             |       |     2 ||     2
       Bread ration      |       |     1 ||     1

Vault maps used:
D:1:      evilmike_arrival_hilbert_curve
D:2:      first_bread, uniq_crazy_yiuf_cottage
D:3:      nicolae_gozag_cash_rules_everything_around_me, old_standard_altar
D:4:      elyvilon_altar_1, kennysheep_nondescript
D:5:      serial_shops, nicolae_shop_crystal, shop, uniq_pikel, uniq_natasha,
          uniq_sigmund
